 Dungeon Crawl Stone Soup version 0.27.0 (webtiles) character file.

Game seed: 11197106885938281508

590 SnakkuSnakku7 the Chopper (level 7, -6/52 HPs)
             Began as a Formicid Delver on July 31, 2021.
             Was a Believer of Yredelemnul.
             Mangled by a black bear (7 damage)
             ... on level 4 of the Dungeon.
             The game lasted 00:11:11 (5350 turns).

SnakkuSnakku7 the Chopper (Formicid Delver)         Turns: 5350, Time: 00:11:11

Health: -6/52      AC:  5    Str: 19    XL:     7   Next: 66%
Magic:  7/7        EV: 11    Int:  9    God:    Yredelemnul [**....]
Gold:   169        SH:  0    Dex: 12    Spells: 6/6 levels left

rFire    . . .     SeeInvis +   a - +0 war axe
rCold    . . .     Faith    .   (no shield)
rNeg     . . .     Spirit   .   r - +0 ring mail {rPois}
rPois    +         Reflect  .   (helmet unavailable)
rElec    .         Harm     .   (no cloak)
rCorr    .         Rampage  .   (no gloves)
Will     .....                  (no boots)
Stlth    ++........             (no amulet)
HPRegen  0.17/turn              (no ring)
MPRegen  0.10/turn              (no ring)

@: no status effects
A: permanent stasis, dig shafts and tunnels, antennae 3, four strong arms
a: Dig, Shaft Self, Renounce Religion, Animate Remains, Recall Undead Slaves,
Injury Mirror


You were on level 4 of the Dungeon.
You worshipped Yredelemnul.
Yredelemnul was pleased with you.
You visited 1 branch of the dungeon, and saw 6 of its levels.

You collected 169 gold pieces.

Inventory:

Hand Weapons
 a - a +0 war axe (weapon)
 b - a +0 hand axe of flaming
 n - a +0 hand axe
Missiles
 x - 8 poisoned darts (quivered)
Armour
 q - a +0 chain mail
 r - a +0 ring mail of poison resistance (worn)
 u - a +0 leather armour
Jewellery
 p - an amulet of reflection
 s - a ring of fire
Wands
 f - a wand of digging (3)
 j - a wand of iceblast (2)
Scrolls
 c - 2 scrolls of fog
 d - a scroll of magic mapping
 e - a scroll of fear
 g - a scroll of brand weapon {unknown}
 i - a scroll of amnesia {unknown}
 t - 4 scrolls of identify {unknown}
 v - a scroll of teleportation {unknown}
 w - a scroll of vulnerability {unknown}
Potions
 h - 2 potions of haste {unknown}
 k - a potion of magic {unknown}
 l - a potion of lignification {unknown}
 m - 2 potions of heal wounds {unknown}
 o - 2 potions of might {unknown}
 z - a potion of cancellation {unknown}
 A - a potion of flight {unknown}


   Skills:
 - Level 3.3 Fighting
 - Level 6.5 Axes
 + Level 3.9 Throwing
 - Level 1.7 Dodging
 - Level 6.3 Stealth


You had 6 spell levels left.
You didn't know any spells.
Your spell library contained the following spells:

 Spells                   Type           Power      Damage    Failure   Level
 Foxfire                  Conj/Fire      0%         2x1d4     56%         1
 Summon Lightning Spire   Summ/Air       0%         N/A       100%        4
 Manifold Assault         Tloc           0%         N/A       100%        5
 Starburst                Conj/Fire      0%         8x6d3     100%        6
 Monstrous Menagerie      Summ           0%         N/A       100%        7
 Storm Form               Tmut/Air       0%         N/A       100%        7
 Blink                    Tloc           Unusable   N/A       N/A         2

Dungeon Overview and Level Annotations

Branches:
Dungeon (6/15)
 Temple: D:4-7

Altars:
Fedhas
Kikubaaqudgha
Makhleb
Ru
Xom
Yredelemnul


Innate Abilities, Weirdness & Mutations

You cannot be hasted, slowed, berserked, paralysed or teleported.
You can dig through walls and to a lower floor.
You have a pair of large antennae on your head. (SInv)
Your four strong arms can wield two-handed weapons with a shield.


Message History

The black bear bites you! The black bear barely misses you.
The black bear claws you.
You hit the black bear.
The black bear is heavily wounded.
The black bear barely misses you. The black bear claws you.
The black bear barely misses you. The black bear bites you.
The black bear claws you but does no damage.
The black bear barely misses you.
You slash the black bear!
The black bear is severely wounded.
The black bear goes berserk!
You barely miss the black bear.
The black bear is severely wounded.
The black bear bites you! The black bear claws you.
The black bear claws you but does no damage.
The black bear bites you.
* * * LOW HITPOINT WARNING * * *
The black bear claws you.
* * * LOW HITPOINT WARNING * * *
The black bear claws you.
* * * LOW HITPOINT WARNING * * *
Unknown command.
Okay, then.
Okay, then.
Unknown command.
Okay, then.
The black bear closely misses you. The black bear claws you.
* * * LOW HITPOINT WARNING * * *
The black bear claws you.
* * * LOW HITPOINT WARNING * * *
The black bear bites you but does no damage.
The black bear barely misses you. The black bear claws you.
* * * LOW HITPOINT WARNING * * *
Aiming: Iceblast
Press: ? - help, Shift-Dir - straight line The mass of ice explodes!
The iceblast engulfs the black bear!
The black bear is almost dead.
The black bear bites you!
You die...
Your body rises from the dead as a mindless zombie.

......................)..).....#
.........................).....#
...............................#
.............).................#
..#############................#
g.####_###_####................#
..##8...8...8.............[....#
.g##.........##h...............#
..#{........._#.@..............#
.g##.........##..............[.#
..##8...8...8##................#
..####_###_#.##................#
..###########.#................#
...............................#
.................).............#
................)<.............#
.....g.........................#


You could see a black bear (berserk).

Vanquished Creatures
  A black bear (D:4)
  A scorpion (D:4)
  A gnoll sergeant (D:4)
  A hound (D:5)
  4 orc priests
  An iguana (D:5)
  4 gnolls (D:4)
  5 adders
  2 dart slugs
  18 orcs
  6 endoplasms
  6 giant cockroaches
  7 goblins
  9 hobgoblins
  4 jackals (D:1)
  8 kobolds
  3 quokkas
  7 ball pythons
  3 bats (D:1)
  4 frilled lizards
  5 rats
100 creatures vanquished.

Notes
Turn   | Place    | Note
-------+----------+-------------------------------------------
     0 | D:5      | SnakkuSnakku7 the Formicid Delver began the quest for the
                  | Orb.
     0 | D:5      | Reached XP level 1. HP: 18/18 MP: 1/1
     5 | D:5      | Noticed a hound
    82 | D:6      | Noticed a gnoll sergeant
   206 | D:4      | Found an ancient bone altar of Kikubaaqudgha.
   206 | D:4      | Found a blossoming altar of Fedhas.
   206 | D:4      | Found a burning altar of Makhleb.
   206 | D:4      | Found a sacrificial altar of Ru.
   209 | D:4      | Found a basalt altar of Yredelemnul.
   217 | D:4      | Became a worshipper of Yredelemnul the Dark
   229 | D:3      | Found a faded altar of an unknown god.
   351 | D:2      | Reached XP level 2. HP: 17/24 MP: 2/2
   644 | D:1      | Reached XP level 3. HP: 28/28 MP: 3/3
   737 | D:1      | Reached * piety under Yredelemnul
  1431 | D:1      | Reached XP level 4. HP: 35/35 MP: 4/4
  2056 | D:2      | Reached XP level 5. HP: 12/41 MP: 5/5
  2765 | D:3      | Reached ** piety under Yredelemnul
  2766 | D:3      | Reached skill level 5 in Axes
  3240 | D:4      | Noticed a black bear
  3240 | D:4      | Noticed a black bear
  3293 | D:4      | Found a shimmering altar of Xom.
  3301 | D:4      | Reached XP level 6. HP: 47/47 MP: 6/6
  3610 | D:5      | Noticed an ogre
  4065 | D:4      | Got the Guide on Fire and Summoning
  4416 | D:4      | Reached skill level 1 in Throwing
  4416 | D:4      | Reached XP level 7. HP: 26/52 MP: 7/7
  4845 | D:4      | Identified the +6 falchion of Rixoly {flame, Str+4}
  5349 | D:4      | HP: 1/52 [black bear (3)]
  5350 | D:4      | Mangled by a black bear

Illustrated notes

Levels and vault maps discovered:
D:1:      saegor_arrival_miasma, layout_basic
D:2:      layout_basic, chequers_avenue
D:3:      layout_basic, hellmonk_ecumenical_altar_lost_god,
          hangedman_abyss_or_decor_stabs, kennysheep_generic_room_14
D:4:      layout_gridville, xom_teletrap_fun, nicolae_overflow_hidden_temple
D:5:      layout_rooms, uniq_crazy_yiuf_cottage, uniq_blork_the_orc
D:6:      layout_gridville, gammafunk_temple_overflow_pools, ebering_ghost_gozag

Skill      XL: |  1  2  3  4  5  6  7 |
---------------+----------------------+-----
Axes           | 3 4 5 6 |  6.5
Throwing       | 1 3 |  3.9
Fighting       | |  3.3
Dodging        | |  1.7
Stealth        | |  6.3

Action                   |  1- 3 |  4- 6 |  7- 9 || total
-------------------------+-------+-------+-------++-------
Melee: Hand axe          |    24 |       |       ||    24
       War axe           |    79 |   166 |    25 ||   270
Throw: Dart              |       |    16 |    14 ||    30
 Abil: Dig               |     6 |     1 |     1 ||     8
Evoke: Wand              |       |     1 |     3 ||     4
 Stab: Sleeping          |     9 |     9 |       ||    18
Armor: Leather armour    |    18 |       |       ||    18
       Ring mail         |    22 |    63 |    12 ||    97
Dodge: Dodged            |    65 |   111 |    25 ||   201
